AoeStats
← Runxi24

Black Forest

503785106Analyzed
2v2 RM · 1mo ago on Sep 2, 2026· 30m 37s· 4 players
Game mode
Random Map
Map size
Medium (4 player)
Population
200
Speed
Normal
Resources
Standard
Victory
Conquest
Starting age
Dark Age
Ending age
Imperial Age
RankedLock teamsTeams togetherTeam positionsShared explorationLock speedFull tech treeHidden civsTurbo modeCheats
Victory
Defeat
🇪🇸 Portuguese · Spain
1139
+14
🇩🇪 Gurjaras · Germany
1122
+15
🇩🇪 Vietnamese · Germany
1097
-14
🇩🇪 Byzantines · Germany
1097
-14
FunMeh
4:32 Loom
12:07 Loom
14:50 Feudal Age
19:58 Castle Age
18:44 Double-Bit Axe
22:02 Bow Saw
22:34 Horse Collar
26:38 Wheelbarrow
27:53 Fletching
30:22 Hand Cart
Runxi24
0:35 Loom
11:55 Feudal Age
15:46 Castle Age
16:36 Double-Bit Axe
17:55 Bow Saw
22:08 Horse Collar
23:43 Fletching
24:10 Town Watch
25:51 Bodkin Arrow
26:22 Scale Barding Armor
26:29 Gold Mining
28:07 Wheelbarrow
27:34 Husbandry
29:43 Bloodlines
30:58 Heavy Plow
DarthY
11:23 Feudal Age
12:13 Double-Bit Axe
13:26 Horse Collar
15:50 Loom
16:41 Wheelbarrow
20:58 Castle Age
21:01 Forging
22:39 Bow Saw
22:08 Pikeman
24:39 Elite Skirmisher
25:21 Squires
R.
12:06 Feudal Age
13:15 Loom
16:27 Castle Age
16:02 Double-Bit Axe
16:00 Horse Collar
18:07 Bow Saw
18:04 Heavy Plow
21:44 Fletching
22:45 Bodkin Arrow
25:11 Thumb Ring
24:48 Crossbowman
27:27 Wheelbarrow
30:30 Padded Archer Armor
31:10 Ballistics
Connection lost

Rejoining the realm…

Still unreachable

The connection could not be restored.

Session expired

The server has moved on; the page needs a fresh start.